 Dungeon Crawl Stone Soup version 0.29.0-4-gdea44cf6ec (webtiles) character file.

Game seed: 5573128533612057174

11699 qw the Cleaver (level 11, -14/67 HPs)
             Began as a Tengu Warper on Aug 29, 2022.
             Was an Elder of Okawaru.
             Demolished by a torpor snail (55 damage)
             ... on level 2 of the Lair of Beasts.
             The game lasted 00:04:00 (12943 turns).

qw the Cleaver (Tengu Warper)                      Turns: 12943, Time: 00:04:00

Health: -14/67     AC: 14    Str: 15    XL:     11   Next: 81%
Magic:  15/16      EV:  2    Int: 15    God:    Okawaru [****..]
Gold:   465        SH:  0    Dex: 13    Spells: 14/14 levels left

rFire   x . .      SeeInvis +   Y - +7 war axe
rCold   + + .      Faith    .   l - +0 buckler
rNeg    . . .      Spirit   .   t - +1 ice dragon scales
rPois   .          Reflect  .   (helmet restricted)
rElec   .          Harm     .   s - scarf {repulsion}
rCorr   .          Rampage  .   (no gloves)
Will    .....                   (boots unavailable)
Stlth   +.........              b - amulet of the acrobat
HPRegen 0.21/turn               h - ring of see invisible
MPRegen 0.15/turn               g - +4 ring of slaying {mikee}

@: sleeping, heroic, flying quickly and evasively, slowed, repel missiles, quick
A: beak, talons 3, nimble flight
a: Renounce Religion, Heroism, Finesse


You were on level 2 of the Lair of Beasts.
You worshipped Okawaru.
Okawaru was greatly pleased with you.
You visited 3 branches of the dungeon, and saw 11 of its levels.
You also visited: Sewer.

You collected 660 gold pieces.
You spent 195 gold pieces at shops.


Innate Abilities, Weirdness & Mutations

You have a beak for a mouth.
You have claws for feet.
Your magical nature lets you fly swiftly and evasively.


   Skills:
 - Level 7.0(12.0) Fighting
 + Level 14.2(19.2) Axes
 - Level 3.4(8.4) Throwing
 - Level 6.0(11.0) Armour
 - Level 5.0(10.0) Dodging
 - Level 4.0(9.0) Shields
 - Level 2.0 Spellcasting
 - Level 2.4 Translocations
 + Level 6.5 Invocations


You had 14 spell levels left.
You didn't know any spells.
Your spell library contained the following spells:

 Spells                   Type           Power      Damage    Failure   Level
 Blink                    Tloc           16%        N/A       50%         2
 Gell's Gravitas          Tloc           8%         N/A       75%         3
 Lesser Beckoning         Tloc           8%         N/A       75%         3
 Teleport Other           Tloc           8%         N/A       75%         3
 Manifold Assault         Tloc           8%         N/A       100%        5

Inventory:

Hand Weapons
 c - a +5 morningstar
 Y - a +7 war axe (weapon)
Missiles
 k - 2 boomerangs (quivered)
Armour
 i - a +0 cloak
 l - a +0 buckler (worn)
 n - a +0 plate armour
 s - a scarf of repulsion (worn)
 t - +1 ice dragon scales (worn)
Jewellery
 b - an amulet of the acrobat (around neck)
 f - an amulet of regeneration
 g - a +4 ring of slaying (right hand) {mikee}
 h - a ring of see invisible (left hand)
 q - a ring of fire
 w - a ring of positive energy
Scrolls
 m - 2 scrolls of identify
 p - 2 scrolls of teleportation
 v - a scroll of poison {unknown}
Potions
 a - a potion of resistance
 d - 2 potions of haste
 e - 3 potions of heal wounds
 j - 5 potions of curing
 o - a potion of might
 r - a potion of mutation

Dungeon Overview and Level Annotations

Branches:
Dungeon (8/15)             Temple (1/1) D:6            Lair (2/5) D:8
  Sewer (visited)
  Swamp: Lair:2-3    Shoals: Lair:2-3     Snake: Lair:2-3    Spider: Lair:2-3

Altars:
Ashenzari
Cheibriados
Dithmenos
Elyvilon
Fedhas
Hepliaklqana
Kikubaaqudgha
Makhleb
Nemelex Xobeh
Okawaru
Qazlal
Ru
Sif Muna
Trog
Uskayaw
Vehumet
Wu Jian
Xom
Yredelemnul
Zin
The Shining One

Shops:
D:5 !

Annotations:
D:7 2 transporters, qw's ghost, amateur TeWr
Lair:2 3 runed translucent doors, qw's ghost, journeyman TeWr


Message History

The boomerang hits the dream sheep!
The dream sheep is severely wounded.
Something bites the plant.
The plant begins to die.
A torpor snail comes into view.
Being near the torpor snail leaves you feeling lethargic.
12934 ||| INVOKING Heroism.
You gain the combat prowess of a mighty hero.
You can no longer enter into single combat with a foe.
Okawaru will no longer gift you equipment.
A dream sheep comes into view.
The dream sheep bleats!
The dream sheep ruffle their wool and motes of dream dust sparkle, to no effect.
The dream sheep shake their wool and sparkle.
You feel drowsy...
You fall asleep.
A nearby plant withers and dies.
The dream sheep bites you!
You wake up.
You slice the dream sheep!! You claw the dream sheep.
You kill the dream sheep!
Okawaru accepts your kill.
A dream sheep comes into view.
The dream sheep completely misses you.
You slice the dream sheep!!
You kill the dream sheep!
Okawaru accepts your kill.
You hit the torpor snail.
The torpor snail is lightly wounded.
You block the torpor snail's attack.
You slash the torpor snail! You claw the torpor snail.
You peck the torpor snail.
The torpor snail is heavily wounded.
The torpor snail bites you!
You slash the torpor snail! You claw the torpor snail.
You peck the torpor snail, but do no damage.
The torpor snail is severely wounded.
You slash the dream sheep!
The dream sheep ruffle their wool and motes of dream dust sparkle, to no effect.
The dream sheep bites you but does no damage.
The dream sheep shake their wool and sparkle.
You feel drowsy...
You fall asleep.
The torpor snail bites you!!!
Ouch! That really hurt!
You die...

### ######## ## ###
###.####...#.P###Y#...#.
...........?....@wY....(
.................#.####.
................## #
...#..#.##.#....#
....#.....#......#
................##
...........#....#
...##.....##....# ...
#....#..
....#.....#.##### ..
#.......


You could see a torpor snail and 2 dream sheep.

Vanquished Creatures
  Erica (Lair:1)
  Pikel (D:7)
  A black mamba (Lair:2)
  4 cane toads
  3 komodo dragons
  2 rime drakes
  A polar bear (Lair:2)
  Prince Ribbit (D:7)
  2 dream sheep (Lair:2)
  A wyvern (D:7)
  14 yaks
  3 basilisks
  A steam dragon (D:6)
  Edmund (D:5)
  Menkaure (D:7)
  2 water moccasins
  An ice beast (D:6)
  2 sky beasts (D:6)
  4 orc warriors (D:8)
  3 ogres
  4 wolves (Lair:2)
  2 centaurs
  A phantom (D:4)
  2 kobold brigands
  7 bullfrogs
  A gnoll sergeant (D:8)
  A scorpion (D:6)
  11 wights
  2 electric eels (D:6)
  A howler monkey (D:6)
  4 hounds
  3 jellies (D:6)
  4 orc priests
  5 gnoll boudas
  2 iguanas
  Natasha (twice) (D:2)
  Ijyb (D:5)
  4 orc wizards
  28 gnolls
  9 adders
  6 river rats
  A white imp (D:6)
  An ufetubus (D:4)
  2 worms
  3 dart slugs
  42 orcs
  5 ball pythons
  22 bats
  10 endoplasms
  4 giant cockroaches
  3 goblins
  5 hobgoblins
  2 jackals (Sewer)
  14 kobolds
  4 quokkas
  4 frilled lizards
  5 rats
  A butterfly (Lair:2)
277 creatures vanquished.

Vanquished Creatures (others)
  6 fungi (Lair:1)
  11 plants
  2 withered plants (Lair:2)
19 creatures vanquished.

Grand Total: 296 creatures vanquished

Notes
Turn   | Place    | Note
-------+----------+-------------------------------------------
     0 | D:1      | qw the Tengu Warper began the quest for the Orb.
     0 | D:1      | Reached XP level 1. HP: 12/12 MP: 4/4
     0 | D:1      | 0 ||| qw: Version: 0.1-a-89-g26bdef1
     0 | D:1      | 0 ||| qw: Game counter: 3537
     0 | D:1      | 0 ||| qw: Always use a shield: true
     0 | D:1      | 0 ||| qw: God list: Okawaru
     0 | D:1      | 0 ||| qw: Allow faded altars: false
     0 | D:1      | 0 ||| qw: Do Orc after D:15 true
     0 | D:1      | 0 ||| qw: Do second Lair branch before Depths: true
     0 | D:1      | 0 ||| qw: Lair rune preference: random
     0 | D:1      | 0 ||| qw: Plans: Normal
     0 | D:1      | 0 ||| PLANNING D:1-11
    75 | D:1      | 75 ||| Stepping ~*~*~tactically~*~*~ (stealth).
    77 | D:1      | 77 ||| Stepping ~*~*~tactically~*~*~ (stealth).
    79 | D:1      | 79 ||| Stepping ~*~*~tactically~*~*~ (stealth).
    80 | D:1      | 80 ||| Stepping ~*~*~tactically~*~*~ (stealth).
    89 | D:1      | Reached XP level 2. HP: 17/17 MP: 6/6
    95 | D:1      | Reached skill level 3 in Axes
   864 | D:1      | Found a faded altar of an unknown god.
   946 | D:1      | 946 ||| DROPPING scarf of harm.
   947 | D:1      | 947 ||| READING scroll labelled SIEKAXZ KEBLU.
   948 | D:1      | 948 ||| READING scroll labelled RUEHEJ PYASADE.
   949 | D:1      | 949 ||| READING scroll labelled KUWNEGA UPERE.
   950 | D:1      | 950 ||| READING scroll labelled PAEGHYT SUVAO.
   951 | D:1      | 951 ||| DRINKING 2 grey potions.
   952 | D:1      | 952 ||| DROPPING scroll of blinking.
  1094 | D:2      | Reached XP level 3. HP: 21/21 MP: 7/7
  1097 | D:2      | Reached skill level 4 in Axes
  1126 | D:2      | 1126 ||| Stepping ~*~*~tactically~*~*~ (stealth).
  1127 | D:2      | 1127 ||| Stepping ~*~*~tactically~*~*~ (stealth).
  1132 | D:2      | 1132 ||| Stepping ~*~*~tactically~*~*~ (stealth).
  1157 | D:2      | Noticed Natasha
  1165 | D:2      | HP: 5/21 [shadow imp[Natasha] (5)]
  1166 | D:2      | Killed Natasha
  1167 | D:2      | Reached XP level 4. HP: 7/26 MP: 8/8
  1447 | D:2      | Found a shadowy altar of Dithmenos.
  1552 | D:2      | Noticed Natasha
  1562 | D:2      | Killed Natasha
  1563 | D:2      | Reached skill level 5 in Axes
  1841 | D:2      | 1841 ||| DROPPING +0 whip.
  1899 | D:2      | 1899 ||| UPGRADING to ring of see invisible.
  1900 | D:2      | 1900 ||| READING 2 scrolls labelled GAQUNT SEWOPP.
  1901 | D:2      | 1901 ||| READING scroll labelled DIONTOKUYS.
  1902 | D:2      | 1902 ||| DRINKING 2 fizzy yellow potions.
  1903 | D:2      | 1903 ||| DROPPING scroll of fear.
  2070 | D:3      | 2070 ||| READING scroll labelled IGODGH JIDATI.
  2125 | D:3      | 2125 ||| Stepping ~*~*~tactically~*~*~ (stealth).
  2168 | D:3      | 2168 ||| UPGRADING to +4 ring of slaying {mikee}.
  2169 | D:3      | 2169 ||| DRINKING 2 smoky cyan potions.
  2170 | D:3      | 2170 ||| DROPPING potion of degeneration.
  2203 | D:3      | 2203 ||| Stepping randomly (stuck).
  2252 | D:4      | Noticed an ogre
  2256 | D:4      | Killed an ogre
  2257 | D:4      | Reached skill level 6 in Axes
  2257 | D:4      | Gained mutation: Your magical nature lets you fly swiftly
                  | and evasively. [Tengu growth]
  2257 | D:4      | Reached XP level 5. HP: 30/30 MP: 9/9
  2335 | D:4      | 2335 ||| Stepping ~*~*~tactically~*~*~ (stealth).
  2337 | D:4      | 2337 ||| Stepping ~*~*~tactically~*~*~ (hiding).
  2345 | D:4      | Reached XP level 6. HP: 23/35 MP: 10/10
  2345 | D:4      | 2345 ||| Stepping ~*~*~tactically~*~*~ (hiding).
  2578 | D:4      | Reached skill level 7 in Axes
  2702 | D:4      | 2702 ||| SWAPPING to +4 war axe.
  2703 | D:4      | 2703 ||| DROPPING +1 hand axe.
  2957 | D:4      | Reached skill level 3 in Fighting
  3069 | D:4      | Found a blossoming altar of Fedhas.
  3407 | D:4      | 3407 ||| UPGRADING to +0 scale mail.
  3417 | D:4      | 3417 ||| DROPPING +0 leather armour.
  3418 | D:4      | 3418 ||| UPGRADING to +0 ice dragon scales.
  3428 | D:4      | 3428 ||| READING scroll of enchant armour.
  3428 | D:4      | 3428 ||| ENCHANTING +0 ice dragon scales.
  3429 | D:4      | 3429 ||| READING scroll labelled HUYLUF UWETONG.
  3530 | D:4      | 3530 ||| READING 2 scrolls labelled MOLLIOQ FOAXT.
  3531 | D:4      | 3531 ||| READING scroll labelled WUAPUEDEANA.
  3552 | D:3      | Found a bloodstained altar of Trog.
  3589 | D:3      | 3589 ||| Stepping ~*~*~tactically~*~*~ (hiding).
  3877 | D:3      | Found a broken altar of Ashenzari.
  3973 | D:3      | Reached XP level 7. HP: 41/41 MP: 11/11
  4153 | D:3      | 4153 ||| READING 3 scrolls of identify.
  4153 | D:3      | 4153 ||| IDENTIFYING glowing clear potion
  4154 | D:3      | 4154 ||| READING 2 scrolls of identify.
  4154 | D:3      | 4154 ||| IDENTIFYING fizzy brown potion
  4216 | D:5      | Entered Level 5 of the Dungeon
  4217 | D:5      | 4217 ||| PLANNING SEWER
  4293 | D:5      | 4293 ||| Stepping ~*~*~tactically~*~*~ (hiding).
  4338 | D:5      | 4338 ||| Stepping ~*~*~tactically~*~*~ (stealth).
  4360 | D:5      | Found a glowing drain.
  4361 | D:5      | 4361 ||| DROPPING +0 scale mail.
  4362 | D:5      | 4362 ||| UPGRADING to amulet of the acrobat.
  4389 | Sewer    | Entered a sewer
  4962 | Sewer    | 4962 ||| UPGRADING to scarf of repulsion.
  4967 | Sewer    | 4967 ||| READING scroll labelled ZEMUZX HYEBAUN.
  4968 | Sewer    | 4968 ||| READING 2 scrolls of identify.
  4968 | Sewer    | 4968 ||| IDENTIFYING metallic golden potion
  4969 | Sewer    | 4969 ||| DROPPING potion of flight.
  4970 | Sewer    | 4970 ||| DROPPING potion of lignification.
  5000 | D:5      | 5000 ||| PLANNING D:1-11
  5027 | D:5      | Found Oguhigh's Distillery.
  5126 | D:5      | 5126 ||| READING scroll of teleportation.
  5154 | D:5      | 5154 ||| Stepping ~*~*~tactically~*~*~ (hiding).
  5155 | D:5      | 5155 ||| Stepping ~*~*~tactically~*~*~ (hiding).
  5163 | D:5      | 5163 ||| Stepping ~*~*~tactically~*~*~ (hiding).
  5172 | D:5      | Reached skill level 8 in Axes
  5428 | D:5      | Noticed Ijyb
  5429 | D:5      | 5429 ||| Stepping ~*~*~tactically~*~*~ (hiding).
  5432 | D:5      | 5432 ||| Stepping ~*~*~tactically~*~*~ (hiding).
  5443 | D:5      | Killed Ijyb
  5444 | D:5      | Noticed Edmund
  5458 | D:5      | HP: 4/41 [Edmund/+2 dire flail of protection (10)]
  5459 | D:5      | 5459 ||| DRINKING potion of heal wounds.
  5460 | D:5      | Killed Edmund
  5461 | D:5      | Reached skill level 9 in Axes
  5461 | D:5      | Reached XP level 8. HP: 36/46 MP: 12/12
  5612 | D:5      | 5612 ||| Stepping ~*~*~tactically~*~*~ (hiding).
  5614 | D:5      | 5614 ||| Stepping ~*~*~tactically~*~*~ (hiding).
  5831 | D:5      | Reached skill level 3 in Armour
  6066 | D:5      | 6066 ||| BUYING potion of curing (45 gold).
  6066 | D:5      | Bought a potion of curing for 45 gold pieces
  6066 | D:5      | 6066 ||| BUYING potion of heal wounds (75 gold).
  6066 | D:5      | Bought a potion of heal wounds for 75 gold pieces
  6066 | D:5      | 6066 ||| BUYING potion of heal wounds (75 gold).
  6066 | D:5      | Bought a potion of heal wounds for 75 gold pieces
  6162 | D:5      | 6162 ||| DROPPING amulet of faith.
  6163 | D:5      | 6163 ||| READING 2 scrolls of identify.
  6163 | D:5      | 6163 ||| IDENTIFYING viscous brown potion
  6164 | D:5      | 6164 ||| DROPPING potion of ambrosia.
  6192 | D:6      | Found a white marble altar of Elyvilon.
  6312 | D:6      | 6312 ||| Stepping ~*~*~tactically~*~*~ (stealth).
  6314 | D:6      | 6314 ||| Stepping ~*~*~tactically~*~*~ (hiding).
  6331 | D:6      | Reached skill level 10 in Axes
  6349 | D:6      | 6349 ||| Stepping ~*~*~tactically~*~*~ (stealth).
  6512 | D:6      | Reached skill level 3 in Dodging
  6591 | D:6      | Found a staircase to the Ecumenical Temple.
  6592 | D:6      | 6592 ||| PLANNING TEMPLE
  6597 | Temple   | Entered the Ecumenical Temple
  6634 | Temple   | Became a worshipper of Warmaster Okawaru
  6667 | Temple   | 6667 ||| PLANNING D:1-11
  6773 | D:6      | Reached XP level 9. HP: 54/54 MP: 13/13
  6777 | D:6      | 6777 ||| DROPPING +0 morningstar.
  6988 | D:6      | Reached skill level 11 in Axes
  7114 | D:6      | Found a basalt altar of Yredelemnul.
  7217 | D:6      | Reached * piety under Okawaru
  7218 | D:6      | 7218 ||| INVOKING Heroism.
  7448 | D:6      | 7448 ||| Stepping ~*~*~tactically~*~*~ (hiding).
  7591 | D:6      | 7591 ||| READING 2 scrolls of identify.
  7591 | D:6      | 7591 ||| IDENTIFYING sedimented pink potion
  7592 | D:6      | 7592 ||| DROPPING potion of brilliance.
  7640 | D:7      | Noticed Prince Ribbit
  7641 | D:7      | 7641 ||| INVOKING Heroism.
  7648 | D:7      | Killed Prince Ribbit
  7649 | D:7      | Reached skill level 3 in Throwing
  7746 | D:7      | Reached skill level 1 in Invocations
  7860 | D:7      | 7860 ||| INVOKING Heroism.
  8028 | D:7      | Found a radiant altar of Vehumet.
  8047 | D:7      | 8047 ||| Stepping ~*~*~tactically~*~*~ (stealth).
  8050 | D:7      | 8050 ||| INVOKING Heroism.
  8053 | D:7      | 8053 ||| Stepping ~*~*~tactically~*~*~ (hiding).
  8057 | D:7      | 8057 ||| Stepping ~*~*~tactically~*~*~ (hiding).
  8112 | D:7      | 8112 ||| Stepping ~*~*~tactically~*~*~ (hiding).
  8117 | D:7      | 8117 ||| Stepping ~*~*~tactically~*~*~ (hiding).
  8119 | D:7      | 8119 ||| INVOKING Heroism.
  8161 | D:7      | Found a transporter.
  8266 | D:7      | Noticed Menkaure
  8267 | D:7      | 8267 ||| INVOKING Heroism.
  8272 | D:7      | Killed Menkaure
  8536 | D:7      | Noticed Pikel
  8537 | D:7      | 8537 ||| INVOKING Heroism.
  8544 | D:7      | Killed Pikel
  8544 | D:7      | Reached ** piety under Okawaru
  8545 | D:7      | Reached skill level 3 in Invocations
  8545 | D:7      | Reached XP level 10. HP: 59/59 MP: 11/14
  8565 | D:7      | Noticed a centaur warrior
  8567 | D:7      | Noticed qw's ghost (amateur TeWr)
  8600 | D:7      | Found a transporter.
  8621 | D:7      | 8621 ||| INVOKING Heroism.
  8623 | D:7      | Reached skill level 12 in Axes
  8623 | D:7      | 8623 ||| Stepping ~*~*~tactically~*~*~ (hiding).
  8701 | D:7      | 8701 ||| READING 2 scrolls of identify.
  8701 | D:7      | 8701 ||| IDENTIFYING lumpy brown potion
  8740 | D:8      | 8740 ||| Stepping ~*~*~tactically~*~*~ (stealth).
  8741 | D:8      | 8741 ||| Stepping ~*~*~tactically~*~*~ (stealth).
  8758 | D:8      | 8758 ||| Stepping ~*~*~tactically~*~*~ (stealth).
  8760 | D:8      | 8760 ||| Stepping ~*~*~tactically~*~*~ (hiding).
  8762 | D:8      | 8762 ||| INVOKING Heroism.
  8771 | D:8      | 8771 ||| Stepping ~*~*~tactically~*~*~ (hiding).
  9054 | D:8      | 9054 ||| Stepping ~*~*~tactically~*~*~ (hiding).
  9066 | D:8      | Reached skill level 6 in Fighting
  9197 | D:8      | Found an ornate altar of the Wu Jian Council.
  9228 | D:8      | 9228 ||| INVOKING Heroism.
  9250 | D:8      | 9250 ||| Stepping ~*~*~tactically~*~*~ (stealth).
  9252 | D:8      | 9252 ||| INVOKING Heroism.
  9271 | D:8      | 9271 ||| INVOKING Heroism.
  9307 | D:8      | 9307 ||| FLEEEEING.
  9309 | D:8      | 9309 ||| FLEEEEING.
  9310 | D:8      | 9310 ||| FLEEEEING.
  9311 | D:8      | 9311 ||| FLEEEEING.
  9313 | D:8      | 9313 ||| FLEEEEING.
  9314 | D:8      | 9314 ||| FLEEEEING.
  9317 | D:8      | 9317 ||| FLEEEEING.
  9318 | D:8      | 9318 ||| FLEEEEING.
  9319 | D:8      | 9319 ||| FLEEEEING.
  9320 | D:8      | 9320 ||| FLEEEEING.
  9321 | D:8      | 9321 ||| FLEEEEING.
  9322 | D:8      | 9322 ||| FLEEEEING.
  9323 | D:8      | 9323 ||| FLEEEEING.
  9324 | D:8      | 9324 ||| FLEEEEING.
  9326 | D:8      | 9326 ||| FLEEEEING.
  9327 | D:8      | 9327 ||| FLEEEEING.
  9328 | D:8      | 9328 ||| FLEEEEING.
  9329 | D:8      | 9329 ||| FLEEEEING.
  9333 | D:8      | 9333 ||| STAIRDANCE
  9371 | D:7      | 9371 ||| UPGRADING to +0 buckler.
  9376 | D:7      | 9376 ||| DROPPING +0 chain mail.
  9452 | D:8      | Found a staircase to the Lair.
  9486 | D:8      | 9486 ||| Stepping ~*~*~tactically~*~*~ (stealth).
  9500 | D:8      | Reached skill level 1 in Shields
  9765 | D:8      | 9765 ||| Stepping ~*~*~tactically~*~*~ (hiding).
  9770 | D:8      | 9770 ||| Stepping ~*~*~tactically~*~*~ (hiding).
  9776 | D:8      | 9776 ||| INVOKING Heroism.
  9935 | D:8      | 9935 ||| PLANNING LAIR
  9935 | D:8      | 9935 ||| READING 2 scrolls of identify.
  9935 | D:8      | 9935 ||| IDENTIFYING puce potion
  9967 | Lair:1   | Entered Level 1 of the Lair of Beasts
  9989 | Lair:1   | 9989 ||| Stepping ~*~*~tactically~*~*~ (stealth).
  9991 | Lair:1   | 9991 ||| INVOKING Heroism.
  9993 | Lair:1   | 9993 ||| Stepping ~*~*~tactically~*~*~ (stealth).
  9996 | Lair:1   | Reached skill level 3 in Shields
 10000 | Lair:1   | 10000 ||| Stepping ~*~*~tactically~*~*~ (stealth).
 10005 | Lair:1   | Reached *** piety under Okawaru
 10006 | Lair:1   | Reached skill level 13 in Axes
 10211 | Lair:1   | 10211 ||| READING scroll of enchant weapon.
 10211 | Lair:1   | 10211 ||| ENCHANTING +4 war axe.
 10218 | Lair:1   | Noticed Erica
 10219 | Lair:1   | 10219 ||| INVOKING Heroism.
 10222 | Lair:1   | 10222 ||| DRINKING 6 potions of curing.
 10222 | Lair:1   | 10222 ||| (to cure confusion)
 10227 | Lair:1   | Killed Erica
 10228 | Lair:1   | Reached skill level 6 in Armour
 10272 | Lair:1   | Noticed a cane toad
 10273 | Lair:1   | 10273 ||| Stepping ~*~*~tactically~*~*~ (stealth).
 10277 | Lair:1   | 10277 ||| Stepping ~*~*~tactically~*~*~ (stealth).
 10285 | Lair:1   | 10285 ||| Stepping ~*~*~tactically~*~*~ (stealth).
 10286 | Lair:1   | 10286 ||| INVOKING Heroism.
 10330 | Lair:1   | 10330 ||| INVOKING Heroism.
 10332 | Lair:1   | 10332 ||| Stepping ~*~*~tactically~*~*~ (stealth).
 10496 | Lair:1   | 10496 ||| INVOKING Heroism.
 10503 | Lair:1   | Killed a cane toad
 10504 | Lair:1   | Reached XP level 11. HP: 57/64 MP: 12/15
 10569 | Lair:1   | Reached **** piety under Okawaru
 10632 | Lair:1   | 10632 ||| READING scroll of enchant weapon.
 10632 | Lair:1   | 10632 ||| ENCHANTING +5 war axe.
 10680 | Lair:1   | 10680 ||| INVOKING Heroism.
 10828 | Lair:1   | 10828 ||| INVOKING Heroism.
 11497 | Lair:1   | 11497 ||| READING 2 scrolls of identify.
 11497 | Lair:1   | 11497 ||| IDENTIFYING white potion
 11498 | Lair:1   | 11498 ||| DROPPING potion of attraction.
 11538 | Lair:2   | 11538 ||| Stepping ~*~*~tactically~*~*~ (hiding).
 11539 | Lair:2   | 11539 ||| INVOKING Heroism.
 11549 | Lair:2   | Reached skill level 14 in Axes
 11569 | Lair:2   | 11569 ||| FLEEEEING.
 11570 | Lair:2   | 11570 ||| STAIRDANCE
 11758 | Lair:2   | 11758 ||| STAIRDANCE
 11842 | Lair:2   | 11842 ||| INVOKING Heroism.
 11929 | Lair:2   | 11929 ||| Stepping ~*~*~tactically~*~*~ (hiding).
 11939 | Lair:2   | 11939 ||| INVOKING Heroism.
 12112 | Lair:2   | 12112 ||| READING scroll of enchant weapon.
 12112 | Lair:2   | 12112 ||| ENCHANTING +6 war axe.
 12249 | Lair:2   | 12249 ||| INVOKING Heroism.
 12442 | Lair:2   | 12442 ||| INVOKING Heroism.
 12597 | Lair:2   | 12597 ||| Stepping ~*~*~tactically~*~*~ (stealth).
 12600 | Lair:2   | 12600 ||| INVOKING Heroism.
 12610 | Lair:2   | Reached skill level 6 in Invocations
 12612 | Lair:2   | Reached ***** piety under Okawaru
 12612 | Lair:2   | Received a gift from Okawaru
 12780 | Lair:2   | Found a runed translucent gate.
 12780 | Lair:2   | Found a runed translucent gate.
 12780 | Lair:2   | Found a runed translucent gate.
 12780 | Lair:2   | Noticed qw's ghost (journeyman TeWr)
 12781 | Lair:2   | Noticed qw's ghost (journeyman TeWr)
 12781 | Lair:2   | Noticed qw's ghost (journeyman TeWr)
 12781 | Lair:2   | Noticed qw's ghost (journeyman TeWr)
 12880 | Lair:2   | 12880 ||| INVOKING Heroism.
 12934 | Lair:2   | 12934 ||| INVOKING Heroism.
 12943 | Lair:2   | Demolished by a torpor snail

Levels and vault maps discovered:
D:1:      noname_arrival_rooms_in_the_neighbourhood, layout_loops_ring,
          chequers_ecumenical_altar_lobes
D:2:      layout_rooms, basic_altar, minivault_23, uniq_natasha
D:3:      layout_basic, trog_three_pillars_becter, ashenzari_altar_1
D:4:      layout_basic, fedhas_altar_fruit_tree, lemuel_flame_loot_1
D:5:      layout_rooms, cheibrodos_sewer_entry_sluice, minmay_misc_feat_hallway,
          kennysheep_path_1, hangedman_abyss_or_decor_lesser_grid,
          nicolae_inconvenience_store, minmay_misc_feat_cross,
          kennysheep_generic_room_10, uniq_edmund, uniq_ijyb,
          uniq_crazy_yiuf_cottage
D:6:      layout_gridville, kennysheep_mini_moat,
          mainiacjoe_overflow_concentric_impassable, temple_green,
          kennysheep_opposing_triangles
D:7:      layout_basic, nicolae_vehumet_altar_sigil, gammafunk_ghost_arena,
          interstate_on_off, hangedman_decor_opposing, uniq_menkaure,
          uniq_pikel, uniq_prince_ribbit1
D:8:      layout_gridville, general_overflow_altar, lair_entry_dummy,
          special_room [special_room_orc]
Temple:   jpeg_temple_clearing
Lair:1:   layout_loops_ring, serial_bayou_shore_b, uniq_erica
Lair:2:   layout_regular_city, gammafunk_ghost_cemetery,
          infiniplex_staircase_pool, lemuel_fruit_fields

Skill      XL: |  1  2  3  4  5  6  7  8  9 10 11 |
---------------+----------------------------------+-----
Axes           | 3 4 6 7 9 10 11 13 14 | 14.2
Fighting       | 3 5 6 7 |  7.0
Armour         | 2 3 4 6 |  6.0
Throwing       | 2 3 |  3.4
Dodging        | 3 4 5 |  5.0
Invocations    | 3 4 6 |  6.5
Shields        | 4 |  4.0
Spellcasting   | |  2.0
Translocations | |  2.4

Action                   |  1- 3 |  4- 6 |  7- 9 | 10-12 || total
-------------------------+-------+-------+-------+-------++-------
Melee: Hand axe          |    48 |    48 |       |       ||    96
       Kick              |    11 |    11 |    50 |    58 ||   130
       Peck              |     3 |    13 |    27 |    30 ||    73
       War axe           |       |    22 |   203 |   202 ||   427
       Punch             |       |       |     5 |     5 ||    10
Throw: Boomerang         |     7 |       |       |    25 ||    32
       Javelin           |     4 |    34 |    32 |    14 ||    84
Invok: Heroism           |       |       |     7 |    21 ||    28
  Use: Scroll            |     4 |     7 |     7 |     6 ||    24
       Potion            |     1 |     2 |     1 |     1 ||     5
Armor: Leather armour    |    14 |    15 |       |       ||    29
       Ice dragon scales |       |     1 |    55 |    37 ||    93
Dodge: Dodged            |    28 |    44 |    99 |    99 ||   270
       Repelled          |       |       |     1 |       ||     1
Block: Buckler           |       |       |       |    20 ||    20

Table legend:
 A = Non-vault XP
 B = Vault XP
 C = Vault XP percentage of total XP
 D = Non-vault monster count
 E = Vault monster count
 F = Vault count percentage of total count
                 A         B        C        D         E       F
            +---------+---------+-------+---------+---------+-------
      Total |   13565 |    3148 |  18.8 |     205 |      71 |  25.7
            +---------+---------+-------+---------+---------+-------
        D:1 |      29 |       0 |   0.0 |      17 |       0 |   0.0
        D:2 |      70 |      37 |  34.6 |      17 |       1 |   5.6
        D:3 |      72 |       0 |   0.0 |      16 |       0 |   0.0
        D:4 |     410 |       0 |   0.0 |      19 |       0 |   0.0
        D:5 |     420 |     240 |  36.4 |      22 |       5 |  18.5
        D:6 |    1497 |     204 |  12.0 |      27 |       3 |  10.0
        D:7 |     728 |    1081 |  59.8 |      18 |       3 |  14.3
        D:8 |    1057 |     624 |  37.1 |      28 |      26 |  48.1
     Lair:1 |    3390 |     823 |  19.5 |      15 |       1 |   6.2
     Lair:2 |    5892 |       0 |   0.0 |      26 |       0 |   0.0
      Sewer |       0 |     139 | 100.0 |       0 |      32 | 100.0
            +---------+---------+-------+---------+---------+-------
